 Dungeon Crawl Stone Soup version 0.27-a0-951-gae3e1deef5 (webtiles) character file.

Game seed: 4457386618814881893

5449 Alarkh the Martial Artist (level 10, -3/76 HPs)
             Began as a Demonspawn Transmuter on Apr 11, 2021.
             Was a Priest of Cheibriados.
             Killed from afar by an electric eel (10 damage)
             ... with a bolt of electricity
             ... on level 11 of the Dungeon.
             The game lasted 00:17:06 (8968 turns).

Alarkh the Martial Artist (Demonspawn Transmuter)   Turns: 8968, Time: 00:17:07

Health: -3/76      AC:  8    Str: 19    XL:     10   Next: 41%
Magic:  19/19      EV: 14    Int: 26    God:    Cheibriados [***...]
Gold:   540        SH:  6    Dex: 21    Spells: 14/21 levels left

rFire    . . .     SeeInvis .     - Unarmed
rCold    . . .     Faith    .   (no shield)
rNeg     . . .     Spirit   .   o - +1 robe {Will+}
rPois    .         Reflect  .   x - +0 helmet
rElec    .         Harm     .   (no cloak)
rCorr    +         Rampage  .   (no gloves)
Will     +....                  (no boots)
Stlth    ++........             (no amulet)
HPRegen  0.22/turn              p - +4 ring of protection
MPRegen  0.16/turn              g - ring of resist corrosion

@: about to teleport, very slow
A: large bone plates 2, powered by death 2, spiny 2, talons 1, sense
surroundings 1
a: Renounce Religion, Bend Time, Temporal Distortion


You were on level 11 of the Dungeon.
You worshipped Cheibriados.
Cheibriados was most pleased with you.
You visited 2 branches of the dungeon, and saw 11 of its levels.

You collected 540 gold pieces.

Inventory:

Missiles
 f - 49 poisoned darts (quivered)
 h - a throwing net
 z - 3 curare-tipped darts
Armour
 a - a +0 robe
 b - +0 storm dragon scales
 o - a +1 robe of willpower (worn)
 x - a +0 helmet (worn)
Magical Staves
 t - a staff of air
 E - a staff of cold
Jewellery
 e - a ring of fire
 g - a ring of resist corrosion (right hand)
 p - a +4 ring of protection (left hand)
 v - an amulet of faith
 C - a ring of positive energy
 F - a ring of fire
Scrolls
 i - a scroll of brand weapon
 l - a scroll of immolation
 m - a scroll of torment
 n - 3 scrolls of teleportation
 r - a scroll of identify
 y - a scroll of amnesia
Potions
 c - 5 potions of curing
 d - 6 potions of haste
 j - 4 potions of flight
 w - a potion of cancellation
 A - a potion of mutation
 B - a potion of brilliance
 D - 2 potions of lignification {unknown}


   Skills:
 + Level 6.3 Fighting
 + Level 3.6 Dodging
 + Level 2.5 Stealth
 * Level 8.6 Unarmed Combat
 - Level 6.0 Spellcasting
 + Level 5.8 Transmutations
 - Level 4.0 Ice Magic
 + Level 3.5 Invocations


You had 14 spell levels left.
You knew the following spells:

 Your Spells              Type           Power      Damage    Failure   Level
b - Spider Form           Tmut/Pois      11%        N/A       6%          3
c - Ice Form              Ice/Tmut       33%        N/A       9%          4

Your spell library contained the following spells:

 Spells                   Type           Power      Damage    Failure   Level
 Beastly Appendage        Tmut           76%        N/A       1%          1
 Wereblood                Tmut           38%        N/A       1%          2
 Corona                   Hex            7%         N/A       7%          1
 Summon Small Mammal      Summ           28%        N/A       7%          1
 Call Imp                 Summ           7%         N/A       11%         2
 Slow                     Hex            7%         N/A       11%         2
 Hydra Form               Tmut           19%        N/A       17%         5
 Call Canine Familiar     Summ           7%         N/A       21%         3
 Inner Flame              Hex/Fire       7%         N/A       21%         3
 Portal Projectile        Hex/Tloc       14%        N/A       21%         3
 Summon Guardian Golem    Hex/Summ       7%         N/A       21%         3
 Summon Ice Beast         Ice/Summ       18%        N/A       30%         4
 Cause Fear               Hex            3%         N/A       56%         4
 Leda's Liquefaction      Hex/Erth       3%         N/A       56%         4
 Summon Lightning Spire   Summ/Air       7%         N/A       56%         4


Dungeon Overview and Level Annotations

Branches:
Dungeon (9/15)             Temple (1/1) D:4             Orc (0/2) D:9
   Lair: D:8-11

Altars:
Ashenzari
Cheibriados
Elyvilon
Fedhas
Gozag
Hepliaklqana
Makhleb
Nemelex Xobeh
Okawaru
Qazlal
Ru
Sif Muna
Trog
Uskayaw
Wu Jian
Xom
Yredelemnul
Zin
The Shining One

Annotations:
D:5 1 runed translucent door, Iwannabefree's ghost, weakling NaDe


Innate Abilities, Weirdness & Mutations

You are mostly covered in large bone plates. (SH +6)
You regenerate health from kills.
You are mostly covered in sharp spines.
You have sharp toenails.
You passively map a small area around you.


Message History

Are you sure you want to cancel this blink?
Okay, then.
As you read the scroll labelled LORHIED KARIRGH, it crumbles to dust.
It was a scroll of blinking.
As you read the scroll labelled TIMACLYSON, it crumbles to dust.
You hear a loud clanging noise!
It was a scroll of noise.
You hear a howl!
You swap places.
You hear the beating of a very distant drum.
Your boulder beetle dissolves into shadows!
Your centaur warrior zombie dissolves into shadows!
An electric eel comes into view.
Found 15 stones.
What are your orders? t - Shout!
Orders for allies: a - Attack new target. r - Retreat! s - Stop attacking. g - Guard the area. f - Follow me.
Anything else - Cancel.
Gang up on whom?
Press: ? - help, Dir - move target, f - electric eel
Aim: an electric eel Attack!
The electric eel shoots out a bolt of lightning at you!
The bolt of electricity hits you! x2
The electric eel shoots out a bolt of lightning at you!
The bolt of electricity hits you!
* * * LOW HITPOINT WARNING * * *
Okay, then.
Your cyclops dissolves into shadows!
The electric eel shoots out a bolt of lightning at you!
The bolt of electricity hits you!
* * * LOW HITPOINT WARNING * * *
Found an escape hatch in the floor.
As you read the scroll of teleportation, it crumbles to dust.
You feel strangely unstable.
The electric eel shoots out a bolt of lightning at you!
The bolt of electricity hits you!
You die...

, #.#.# #§# ≈ ##.# #.#.#
#§# ≈ .....# #.#.# #Z#
..(...,,....# #§#
##≈...###.### #.########
, #≈≈...≈.....#
#....Z.... ,
≈≈≈...≈.#.#.# ########.#
, , ..........#.# #.# ,
≈≈≈≈....@...###########.#
≈
..........≈..............
, *
.≈≈≈≈≈≈.≈.###############
* .≈≈≈≈≈;.≈.# , ,
.≈≈≈≈≈≈.#.# * .≈≈≈≈≈≈....
, * .≈≈≈≈≈#....# *
.≈≈≈≈.#....# ,
......#..>.# *


You could see an electric eel.

Vanquished Creatures
  A two-headed ogre (D:8)
  Pikel (D:6)
  Joseph (D:8)
  Sigmund (D:2)
  6 yaks (D:6)
  3 water moccasins
  2 black bears
  2 orc warriors
  A necrophage (D:5)
  A sky beast (D:7)
  2 centaurs
  An ogre (D:6)
  2 bullfrogs (D:6)
  3 kobold brigands
  5 scorpions
  A gnoll sergeant (D:6)
  8 wights (D:7)
  5 hounds
  A centaur zombie (D:9)
  A jelly (D:6)
  5 orc priests
  4 orc wizards
  An iguana (D:5)
  A scorpion zombie (D:5)
  A killer bee zombie (D:8)
  13 gnolls
  2 howler monkey zombies
  A howler monkey skeleton (D:4)
  9 adders
  4 white imps
  An adder skeleton (D:5)
  2 worms
  4 dart slugs
  22 orcs
  4 endoplasms
  8 giant cockroaches
  12 goblins
  8 hobgoblins
  3 quokkas
  3 ball pythons
  3 bats
  3 frilled lizards
  21 kobolds
  9 rats
192 creatures vanquished.

Vanquished Creatures (others)
  2 plants (D:4)
2 creatures vanquished.

Grand Total: 194 creatures vanquished

Notes
Turn   | Place    | Note
-------+----------+-------------------------------------------
     0 | D:1      | Alarkh the Demonspawn Transmuter began the quest for the
                  | Orb.
     0 | D:1      | Reached XP level 1. HP: 15/15 MP: 3/3
   143 | D:1      | Gained mutation: You regenerate a little health from kills.
                  | [demonic ancestry]
   143 | D:1      | Reached XP level 2. HP: 18/21 MP: 3/5
   147 | D:1      | Reached skill level 3 in Unarmed Combat
   668 | D:1      | Gained mutation: You are partially covered in sharp spines.
                  | [demonic ancestry]
   668 | D:1      | Reached XP level 3. HP: 19/26 MP: 4/6
   730 | D:1      | You fall into a shaft and drop 1 floor!
   804 | D:2      | Learned a level 3 spell: Spider Form
  1133 | D:2      | Found a shimmering blue altar of Sif Muna.
  1254 | D:2      | Noticed Sigmund
  1350 | D:3      | Gained mutation: You are partially covered in large bone
                  | plates. (SH +4) [demonic ancestry]
  1350 | D:3      | Reached XP level 4. HP: 30/33 MP: 5/7
  2233 | D:2      | Killed Sigmund
  2234 | D:2      | Reached skill level 4 in Unarmed Combat
  2234 | D:2      | Reached XP level 5. HP: 40/40 MP: 6/9
  2234 | D:2      | Reached XP level 6. HP: 46/46 MP: 6/10
  2430 | D:2      | Learned a level 4 spell: Ice Form
  2710 | D:4      | Found a staircase to the Ecumenical Temple.
  2719 | Temple   | Entered the Ecumenical Temple
  2899 | Temple   | Became a worshipper of Cheibriados the Contemplative
  3191 | D:4      | Gained mutation: You have sharp toenails. [potion of
                  | mutation]
  3191 | D:4      | Gained mutation: You passively map a small area around you.
                  | [potion of mutation]
  3191 | D:4      | HP: 2/47 [gnoll/+0 spear (5)]
  3192 | D:4      | Reached skill level 1 in Ice Magic
  3425 | D:4      | Reached XP level 7. HP: 29/52 MP: 12/12
  3601 | D:4      | Found a bloodstained altar of Trog.
  3601 | D:4      | Found a basalt altar of Yredelemnul.
  3621 | D:5      | Entered Level 5 of the Dungeon
  3633 | D:5      | Reached skill level 5 in Unarmed Combat
  3862 | D:5      | Reached * piety under Cheibriados
  4177 | D:5      | Gained mutation: You regenerate health from kills. [demonic
                  | ancestry]
  4177 | D:5      | Reached XP level 8. HP: 56/60 MP: 14/14
  4689 | D:5      | Found a runed translucent door.
  4690 | D:5      | Noticed Iwannabefree's ghost (weakling NaDe)
  4750 | D:6      | Reached skill level 6 in Unarmed Combat
  4828 | D:6      | Reached skill level 7 in Unarmed Combat
  4828 | D:6      | Gained mutation: You are mostly covered in sharp spines.
                  | [demonic ancestry]
  4828 | D:6      | Reached XP level 9. HP: 13/67 MP: 14/16
  5009 | D:6      | Reached skill level 5 in Fighting
  5009 | D:6      | Reached skill level 5 in Spellcasting
  5519 | D:6      | Noticed Pikel
  5533 | D:6      | Killed Pikel
  5534 | D:6      | Reached skill level 5 in Transmutations
  5636 | D:6      | Reached ** piety under Cheibriados
  6407 | D:7      | Reached skill level 1 in Invocations
  6473 | D:7      | Reached skill level 1 in Stealth
  6928 | D:7      | Reached skill level 8 in Unarmed Combat
  6968 | D:7      | HP: 3/69 [orc priest/divine providence (14)]
  7578 | D:8      | Reached *** piety under Cheibriados
  7646 | D:8      | Gained mutation: You are mostly covered in large bone
                  | plates. (SH +6) [demonic ancestry]
  7646 | D:8      | Reached XP level 10. HP: 72/76 MP: 18/18
  7670 | D:8      | Found a stormy altar of Qazlal.
  7683 | D:8      | Noticed a two-headed ogre
  7698 | D:8      | Killed a two-headed ogre
  7944 | D:8      | Noticed Joseph
  7965 | D:8      | Killed Joseph
  8818 | D:9      | Found a staircase to the Orcish Mines.
  8849 | D:9      | Found a broken altar of Ashenzari.
  8916 | D:9      | You fall into a shaft and drop 2 floors!
  8968 | D:11     | Killed from afar by an electric eel

Illustrated notes

Levels and vault maps discovered:
D:1:      minmay_arrival_solitary_statue, layout_loops_ring, serial_forest,
          infiniplex_forest_lined_corner, infiniplex_forest_lined_room_,
          infiniplex_forest_lined_room_, infiniplex_forest_lined_corner
D:2:      layout_loops_ring, basic_altar, uniq_sigmund
D:3:      layout_loops_corners, chequers_decorated_corner
D:4:      layout_basic, gammafunk_temple_overflow_statue,
          minmay_temple_entry_gardened_gates, grunt_ministairs_1
D:5:      layout_loops_ring, ebering_ghost_inner_flame,
          kennysheep_generic_room_14
D:6:      layout_loops_corners, abandoned_shop, uniq_pikel
D:7:      layout_cave_pools
D:8:      layout_basic, lemuel_round_altar, uniq_joseph
D:9:      layout_long_grid, evilmike_ruin_ashenzari, orc_0_dummy
D:11:     minmay_tri_box, layout_basic, gauntlet_entry_generic, hex_tiny,
          minmay_unpleasant_kobolds, uniq_sonja
Temple:   eino_narrow_crystal_temple

Skill      XL: |  1  2  3  4  5  6  7  8  9 10 |
---------------+-------------------------------+-----
Unarmed Combat | 3 4 5 7 8 |  8.6
Transmutations | 2 3 4 5 |  5.8
Fighting       | 2 3 4 5 6 |  6.3
Spellcasting   | 3 4 5 6 |  6.0
Ice Magic      | 1 2 3 4 |  4.0
Dodging        | 3 |  3.6
Invocations    | 2 3 |  3.5
Stealth        | 1 2 |  2.5

Action                   |  1- 3 |  4- 6 |  7- 9 | 10-12 || total
-------------------------+-------+-------+-------+-------++-------
Melee: Unarmed           |   102 |   110 |   270 |    58 ||   540
       Kick              |    14 |    17 |    71 |    26 ||   128
       Headbutt          |    14 |    11 |    25 |    11 ||    61
       Punch             |       |       |     7 |     5 ||    12
Throw: Dart              |       |       |     5 |     7 ||    12
 Cast: Beastly Appendage |    28 |    18 |    33 |     3 ||    82
       Spider Form       |       |     4 |     5 |     1 ||    10
       Ice Form          |       |       |     2 |       ||     2
Invok: Bend Time         |       |       |     1 |       ||     1
       Temporal Distorti |       |       |       |     1 ||     1
  Use: Scroll            |     1 |       |     5 |     8 ||    14
       Potion            |       |     4 |     2 |       ||     6
 Stab: Sleeping          |     1 |     1 |     2 |       ||     4
Armor: Robe              |    18 |     8 |    38 |    13 ||    77
       Storm dragon scal |     6 |       |     6 |       ||    12
       Skin              |       |       |     4 |       ||     4
Dodge: Dodged            |    49 |    60 |   125 |    37 ||   271
Block: Other             |       |    12 |    32 |    17 ||    61

Table legend: (Time is in decaauts)
 A = Elapsed time spent in this place.
 B = Non-inter-level travel time spent in this place.
 C = Inter-level travel time spent in this place.
 D = Time resting spent in this place.
 E = Time spent auto-exploring this place.
 F = Levels seen in this place.
 G = Mean time per level.
                   A        B        C        D        E       F      G
               +--------+--------+--------+--------+--------+-----+--------+
         Total |  10542 |  10143 |    399 |    782 |   7763 |  11 |  958.4 |
       Dungeon |  10353 |   9969 |    384 |    782 |   7599 |  10 | 1035.3 |
        Temple |    189 |    174 |     15 |      0 |    164 |   1 |  189.0 |
               +--------+--------+--------+--------+--------+-----+--------+

Top non-repeatable levels by time:
     D:6: 1972 daAuts
     D:5: 1359 daAuts
     D:8: 1355 daAuts
     D:7: 1290 daAuts
     D:1: 1040 daAuts
     D:3: 902 daAuts
     D:4: 898 daAuts
     D:9: 775 daAuts
     D:2: 678 daAuts
  Temple: 189 daAuts
    D:11: 79 daAuts
